 Dungeon Crawl Stone Soup version 0.28.0-53-g5a82cb258f (webtiles) character file.

Game seed: 13850707499139543749

71180 Dadi the Warrior (level 15, -1/108 HPs)
             Began as a Gargoyle Fighter on July 16, 2022.
             Was a High Priest of Okawaru.
             Slain by an orc knight
             ... wielding a +0 war axe
              (25 damage)
             ... on level 1 of the Orcish Mines.
             The game lasted 00:59:47 (30754 turns).

Dadi the Warrior (Gargoyle Fighter)                Turns: 30754, Time: 00:59:48

Health: -1/108     AC: 51    Str: 31    XL:     15   Next: 35%
Magic:  0/23       EV:  6    Int:  9    God:    Okawaru [*****.]
Gold:   1763       SH:  4    Dex: 11    Spells: 25/25 levels left

rFire   . . .      SeeInvis .   Z - +2 morningstar (holy)
rCold   + . .      Faith    .   c - +0 buckler
rNeg    + . .      Spirit   +   r - +13 crystal plate armour "Xobreo" {rPois Str+4 Dex+2}
rPois   ∞          Reflect  .   O - +0 helmet
rElec   +          Harm     .   o - scarf {repulsion}
rCorr   .          Rampage  .   u - +0 pair of gloves
Will    +....                   (no boots)
Stlth   ..........              f - amulet of guardian spirit
HPRegen 0.28/turn               P - +4 ring of protection
MPRegen 0.18/turn               V - ring of protection from cold

@: finesse-ful, flying, studying Spellcasting, repel missiles
A: sickness immunity, AC +11, big wings, negative energy resistance 1,
electricity resistance, torment resistance 1, petrification resistance
a: Renounce Religion, Heroism, Finesse, Duel


You were on level 1 of the Orcish Mines.
You worshipped Okawaru.
Okawaru was extremely pleased with you.
You visited 5 branches of the dungeon, and saw 22 of its levels.
You also visited: Sewer and Ossuary.

You collected 2856 gold pieces.
You spent 1093 gold pieces at shops.

Inventory:

Hand Weapons
 Q - a +1 eveningstar of holy wrath
 X - a +5 mace
 Z - a +2 morningstar of holy wrath (weapon)
Missiles
 N - 2 throwing nets (quivered)
Armour
 c - a +0 buckler (worn)
 o - a scarf of repulsion (worn)
 r - the +13 crystal plate armour "Xobreo" (worn) {rPois Str+4 Dex+2}
   (Okawaru gifted it to you on level 2 of the Lair of Beasts)

   Str:       It affects your strength (+4).
   Dex:       It affects your dexterity (+2).
   rPois:     It protects you from poison.
 u - a +0 pair of gloves (worn)
 O - a +0 helmet (worn)
Jewellery
 f - an amulet of guardian spirit (around neck)
 h - an amulet of regeneration
 A - an amulet of magic regeneration
 P - a +4 ring of protection (left hand)
 V - a ring of protection from cold (right hand)
 Y - a ring of ice
Wands
 n - a wand of polymorph (9)
 p - a wand of digging (13)
 x - a wand of paralysis (14)
 K - a wand of iceblast (17)
 S - a wand of acid (6)
 T - a wand of mindburst (14)
Scrolls
 b - 3 scrolls of silence {unknown}
 d - 8 scrolls of fog {unknown}
 e - 4 scrolls of immolation
 g - 2 scrolls of noise
 k - 10 scrolls of identify
 q - 2 scrolls of magic mapping
 y - 3 scrolls of enchant weapon
 B - 6 scrolls of amnesia {unknown}
 C - 3 scrolls of enchant armour {unknown}
 E - a scroll of holy word {unknown}
 F - a scroll of summoning {unknown}
 G - 3 scrolls of vulnerability {unknown}
 I - 2 scrolls of blinking
 J - 4 scrolls of teleportation
 R - 2 scrolls of fear {unknown}
Potions
 a - 2 potions of invisibility {unknown}
 i - 4 potions of brilliance
 j - 12 potions of curing
 l - 5 potions of attraction
 m - 6 potions of haste
 s - 2 potions of berserk rage {unknown}
 t - 3 potions of degeneration {unknown}
 v - 3 potions of heal wounds
 w - 5 potions of flight
 z - 5 potions of mutation
 D - 4 potions of lignification
 H - a potion of might
 L - 3 potions of resistance
 M - a potion of cancellation {unknown}
 U - a potion of magic {unknown}
 W - 9 potions of ambrosia


   Skills:
 + Level 17.7 Fighting
 + Level 16.9 Maces & Flails
 - Level 10.6 Armour
 - Level 4.2 Stealth
 - Level 3.2 Shields
 + Level 5.8 Spellcasting
 - Level 6.0 Invocations
 - Level 5.0 Evocations


You had 25 spell levels left.
You didn't know any spells.
Your spell library contained the following spells:

 Spells                   Type           Power      Damage    Failure   Level
 Static Discharge         Conj/Air       2%         N/A       100%        2
 Wereblood                Tmut           2%         N/A       100%        2
 Ignite Poison            Fire/Tmut/Pois 2%         N/A       100%        3
 Inner Flame              Hex/Fire       2%         N/A       100%        3
 Mephitic Cloud           Conj/Pois/Air  2%         N/A       100%        3
 Cause Fear               Hex            1%         N/A       100%        4
 Dispel Undead            Necr           2%         3d7       100%        4
 Passage of Golubria      Tloc           2%         N/A       100%        4
 Sticky Flame             Conj/Fire      2%         2d3       100%        4
 Freezing Cloud           Conj/Ice/Air   1%         6-21      100%        5
 Yara's Violent Unravell  Hex/Tmut       1%         3d3       100%        5
 Discord                  Hex            1%         N/A       100%        8
 Sublimation of Blood     Necr           Unusable   N/A       N/A         2
 Tukima's Dance           Hex            Unusable   N/A       N/A         3
 Summon Hydra             Summ           Unusable   N/A       N/A         7

Dungeon Overview and Level Annotations

Branches:
Dungeon (12/15)            Temple (1/1) D:7            Lair (6/6) D:9
  Swamp (0/4) Lair:2        Snake (1/4) Lair:3        Slime (0/5) Lair:5
    Orc (2/2) D:10          Sewer (visited)         Ossuary (visited)
    Elf: Orc:2

Altars:
Ashenzari
Cheibriados
Dithmenos
Elyvilon
Fedhas
Gozag
Hepliaklqana
Kikubaaqudgha
Makhleb
Nemelex Xobeh
Okawaru
Qazlal
Ru
Sif Muna
Trog
Uskayaw
Vehumet
Wu Jian
Xom
Yredelemnul
Zin
The Shining One
Jiyva

Shops:
D:4 [(*!*   D:11 ?

Annotations:
D:12 Azrael
Orc:1 1 runed translucent door, Ybeff's ghost, journeyman VSMo


Innate Abilities, Weirdness & Mutations

You are immune to sickness and miasma.
Your stone body is resilient. (AC +11)
You are immune to poison.
Your large and strong wings let you fly.
You resist negative energy. (rN+)
You are resistant to electric shocks. (rElec)
You are resistant to unholy torment.
You are immune to petrification.


Message History

The orc warrior hits you with a +0 scimitar!
The warg bites you. The orc knight barely misses you.
You sock the orc knight!
The orc knight is heavily wounded.
The orc knight hits you with a +0 war axe!
You block the warg's attack.
The orc warrior hits you but does no damage. x2
You bludgeon the orc knight!!
The orc knight is almost dead.
The orc knight hits you but does no damage.
The warg bites you!
The orc knight hits you with a +0 war axe!!
The orc warrior hits you but does no damage.
The orc warrior barely misses you.
You can now deal lightning-fast blows.
The orc knight hits you with a +0 great mace!
* * * LOW HITPOINT WARNING * * *
The warg bites you but does no damage.
The orc knight hits you but does no damage.
You block the orc warrior's attack. x2
You hit the orc knight.
You kill the orc knight!
Okawaru accepts your kill. The warg bites you but does no damage.
You hit the orc knight.
The orc knight is lightly wounded.
You hit the orc knight but do no damage.
The orc knight is lightly wounded.
The orc knight hits you with a +0 war axe.
* * * LOW HITPOINT WARNING * * *
The orc warrior hits you but does no damage.
You block the warg's attack.
The orc warrior hits you but does no damage.
You bludgeon the orc knight!!
The orc knight is moderately wounded.
You barely miss the orc knight.
The orc knight is moderately wounded.
The warg completely misses you.
The orc knight hits you with a +0 war axe!!
You die...

##### ###
##.#.####.##
#.....##...#
##...####.#####
##....#.#...##.##
#...[o÷.....#...#
##..)@.........##
#...ooh...#.....#
##......^......##
#.....#..#.####
##....#.####
##.......#
#.....#.####
##..#.##.##.##
#...###...)..#


You could see an orc knight (strong), a warg and 2 orc warriors.

Vanquished Creatures
  An orc warlord (D:10)
  The ghost of Alannah the Basher, a journeyman GrFi of Okawaru (Lair:6)
  An ettin (D:10)
  Snorg (D:12)
  A fire dragon (Lair:6)
  Harold (D:10)
  2 boulder beetles (Lair:4)
  6 hydras
  2 catoblepae
  Fannar (D:10)
  The ghost of zielscheibe the Blocker, a journeyman VSFi of Gozag (D:11)
  2 two-headed ogres
  3 death yaks (Lair:6)
  Urug (Lair:2)
  The ghost of kalagan the Thaumaturge, a novice DECj of Sif Muna (D:8)
  A lindwurm (Lair:6)
  3 orc knights
  3 orc sorcerers
  18 elephants
  3 black mambas
  6 torpor snails (Lair:6)
  12 cane toads
  An unseen horror (D:12)
  14 komodo dragons
  2 trolls
  A queen bee (D:10)
  4 tyrant leeches (Lair:6)
  12 polar bears
  2 raiju (Lair:6)
  5 dream sheep (Lair:2)
  6 hornets (Lair:6)
  29 blink frogs
  A centaur simulacrum (D:10)
  4 water elementals (D:11)
  A shadow (D:11)
  2 fire elementals (D:12)
  2 vampires (D:11)
  4 wyverns
  A wraith (Ossuary)
  44 yaks
  Grum (D:9)
  5 basilisks
  3 steam dragons
  6 vampire mosquitoes (D:11)
  Menkaure (D:6)
  10 wargs
  An acid dragon (D:11)
  2 nagas (Lair:3)
  12 water moccasins
  15 hell hounds
  Duvessa (D:5)
  A hornet zombie (D:8)
  3 ice beasts (D:10)
  19 orc warriors
  14 black bears
  8 ogres
  20 wolves
  A necrophage (D:5)
  5 centaurs
  3 kobold brigands
  8 bullfrogs
  3 scorpions
  A wyvern skeleton (D:7)
  24 killer bees
  Dowan (D:5)
  11 wights
  3 electric eels (D:10)
  3 vampire bats (D:4)
  A howler monkey (D:6)
  A hound (D:6)
  9 orc priests
  3 centaur zombies
  A gnoll shaman (D:7)
  Crazy Yiuf (D:3)
  3 jellies
  5 hell rats (Lair:5)
  4 iguanas
  10 orc wizards
  A killer bee zombie (D:7)
  A hound skeleton (D:4)
  3 mummies (Ossuary)
  A howler monkey zombie (D:6)
  4 gnolls
  4 adders
  3 river rats (Sewer)
  2 shadow imps
  5 white imps
  An adder skeleton (D:4)
  An adder zombie (D:5)
  6 worms
  3 dart slugs
  49 orcs
  11 bats
  8 endoplasms
  3 giant cockroaches
  11 goblins
  7 hobgoblins
  A jackal (D:4)
  A quokka (D:1)
  6 ball pythons
  9 frilled lizards
  A goblin zombie (Ossuary)
  3 hobgoblin zombies (Ossuary)
  17 kobolds
  2 kobold zombies (Ossuary)
  6 rats
599 creatures vanquished.

Vanquished Creatures (others)
  A hound (D:6)
  An orc (D:5)
  5 fungi (Lair:6)
  42 plants
49 creatures vanquished.

Grand Total: 648 creatures vanquished

Notes
Turn   | Place    | Note
-------+----------+-------------------------------------------
     0 | D:1      | Dadi the Gargoyle Fighter began the quest for the Orb.
     0 | D:1      | Reached XP level 1. HP: 14/14 MP: 1/1
    92 | D:1      | Reached XP level 2. HP: 10/20 MP: 2/2
   428 | D:1      | Reached skill level 4 in Fighting
   479 | D:1      | Found a faded altar of an unknown god.
   745 | D:1      | You fall into a shaft and drop 1 floor!
   796 | D:2      | Reached XP level 3. HP: 23/24 MP: 3/3
  1494 | D:2      | Noticed a scorpion
  1716 | D:3      | Reached skill level 5 in Fighting
  1975 | D:3      | Reached XP level 4. HP: 30/31 MP: 4/4
  2340 | D:3      | Found a runed translucent door.
  2341 | D:3      | Noticed Crazy Yiuf
  2472 | D:3      | Killed Crazy Yiuf
  2473 | D:3      | Reached skill level 6 in Fighting
  2473 | D:3      | Reached XP level 5. HP: 3/36 MP: 0/5
  2814 | D:4      | Found Sumashul's Antique Weapon Shoppe.
  3002 | D:4      | Found Soigoma's Antique Armour Shoppe.
  3026 | D:4      | Found Egyelibi's General Store.
  3049 | D:4      | Found Ipryuklim's General Store.
  3208 | D:4      | Reached skill level 7 in Fighting
  3252 | D:4      | Reached XP level 6. HP: 44/44 MP: 6/6
  3411 | D:4      | Found Neptar's Distillery.
  3421 | D:4      | Bought a potion of heal wounds for 65 gold pieces
  3870 | D:4      | Reached skill level 8 in Fighting
  4184 | D:2      | Reached XP level 7. HP: 45/50 MP: 7/7
  4473 | D:5      | Entered Level 5 of the Dungeon
  4489 | D:5      | Noticed Duvessa
  4491 | D:5      | Noticed Dowan
  4566 | D:5      | Found a glowing drain.
  4573 | Sewer    | Entered a sewer
  4834 | Sewer    | Reached skill level 9 in Fighting
  4876 | Sewer    | Found a white marble altar of Elyvilon.
  5021 | D:5      | Killed Duvessa
  5047 | D:5      | Killed Dowan
  5048 | D:5      | Reached XP level 8. HP: 46/57 MP: 6/8
  5282 | D:5      | Reached skill level 10 in Fighting
  5845 | D:6      | Noticed a troll
  5862 | D:6      | Killed a troll
  5863 | D:6      | Reached skill level 5 in Maces & Flails
  6090 | D:6      | Reached XP level 9. HP: 18/62 MP: 5/9
  6133 | D:6      | Found a sand-covered staircase.
  6137 | Ossuary  | Entered an ossuary
  7274 | D:6      | Noticed Menkaure
  7282 | D:6      | Killed Menkaure
  7670 | D:7      | Found a staircase to the Ecumenical Temple.
  7753 | Temple   | Entered the Ecumenical Temple
  7797 | Temple   | Became a worshipper of Warmaster Okawaru
  8217 | D:7      | Reached skill level 5 in Armour
  9081 | D:7      | Reached * piety under Okawaru
  9807 | D:8      | Found a runed translucent gate.
  9808 | D:8      | Found a runed translucent gate.
  9809 | D:8      | Found a runed translucent gate.
  9810 | D:8      | Noticed an 11-headed hydra
  9810 | D:8      | Noticed kalagan's ghost (novice DECj)
  9971 | D:8      | Noticed a catoblepas
  9992 | D:8      | Killed a catoblepas
  9993 | D:8      | Reached skill level 10 in Maces & Flails
  9993 | D:8      | Reached XP level 10. HP: 21/68 MP: 2/10
 10605 | D:8      | Reached ** piety under Okawaru
 10698 | D:9      | Noticed Grum
 10947 | D:9      | Killed Grum
 11489 | D:9      | Noticed a two-headed ogre
 11529 | D:9      | Reached *** piety under Okawaru
 12490 | D:9      | Killed a two-headed ogre
 12490 | D:9      | Reached **** piety under Okawaru
 12491 | D:9      | Reached skill level 11 in Fighting
 12491 | D:9      | Reached XP level 11. HP: 29/74 MP: 9/11
 12744 | D:9      | Found a staircase to the Lair.
 13212 | D:10     | Entered Level 10 of the Dungeon
 13227 | D:10     | Noticed Harold
 13296 | D:10     | Found a snail-covered altar of Cheibriados.
 13808 | Lair:1   | Entered Level 1 of the Lair of Beasts
 13819 | Lair:1   | Noticed a six-headed hydra
 14008 | D:10     | Reached ***** piety under Okawaru
 14038 | D:10     | Reached skill level 1 in Stealth
 14110 | D:10     | Killed Harold
 14111 | D:10     | Reached skill level 10 in Armour
 14262 | D:10     | Noticed a two-headed ogre
 14292 | D:10     | Killed a two-headed ogre
 14489 | D:10     | Identified the +7 chain mail of Protective Custody {Str+4
                  | Stlth+} (Okawaru gifted it to you on level 10 of the
                  | Dungeon)
 14489 | D:10     | Received a gift from Okawaru
 14920 | D:10     | Found a staircase to the Orcish Mines.
 15076 | D:11     | Found Gyaduad's Magic Scroll Shop.
 15083 | D:11     | Bought a scroll of blinking for 105 gold pieces
 15107 | D:11     | Reached skill level 1 in Invocations
 15114 | D:11     | Reached skill level 1 in Evocations
 15165 | D:11     | Reached XP level 12. HP: 76/81 MP: 11/13
 15906 | D:11     | Found a runed translucent door.
 16165 | D:11     | Noticed zielscheibe's ghost (journeyman VSFi)
 16384 | Lair:1   | Killed a six-headed hydra
 16485 | Lair:1   | You fall into a shaft and drop 1 floor!
 16517 | Lair:2   | Reached skill level 5 in Invocations
 16582 | Lair:2   | Noticed Urug
 17338 | Lair:1   | Reached skill level 5 in Evocations
 17511 | Lair:1   | Reached skill level 12 in Fighting
 17567 | Lair:2   | Noticed a six-headed hydra
 17574 | Lair:2   | Killed Urug
 17583 | Lair:2   | Killed a six-headed hydra
 17870 | Lair:2   | Identified the +13 crystal plate armour "Xobreo" {rPois
                  | Str+4 Dex+2} (Okawaru gifted it to you on level 2 of the
                  | Lair of Beasts)
 17870 | Lair:2   | Received a gift from Okawaru
 18033 | Lair:2   | Found a staircase to the Swamp.
 18309 | Lair:2   | Reached skill level 13 in Fighting
 18741 | Lair:3   | Found a staircase to the Snake Pit.
 18763 | Lair:3   | Reached XP level 13. HP: 54/88 MP: 10/17
 19992 | Snake:1  | Entered Level 1 of the Snake Pit
 20132 | Lair:4   | Reached skill level 14 in Fighting
 20398 | Lair:4   | Reached ****** piety under Okawaru
 20719 | Lair:4   | Identified the +1 scale mail of the Game of Kings {Str+4
                  | Slay+3 Stlth+} (Okawaru gifted it to you on level 4 of the
                  | Lair of Beasts)
 20719 | Lair:4   | Received a gift from Okawaru
 22144 | Lair:5   | Reached skill level 15 in Fighting
 22411 | Lair:5   | Found a staircase to the Slime Pits.
 22412 | Lair:5   | Found a viscous altar of Jiyva.
 23074 | Lair:6   | Entered Level 6 of the Lair of Beasts
 23165 | Lair:6   | Gained mutation: Your large and strong wings let you fly.
                  | [Gargoyle growth]
 23165 | Lair:6   | Reached XP level 14. HP: 81/98 MP: 15/18
 23348 | Lair:6   | Reached skill level 15 in Maces & Flails
 23590 | Lair:6   | Found a runed translucent door.
 23590 | Lair:6   | Noticed Alannah's ghost (journeyman GrFi)
 24075 | Lair:6   | Received a gift from Okawaru
 24088 | Lair:6   | Reached skill level 16 in Fighting
 24297 | Lair:6   | Killed Alannah's ghost
 25096 | Lair:6   | Identified the +3 ring mail of Kibbuwk {Str+2} (Okawaru
                  | gifted it to you on level 6 of the Lair of Beasts)
 25096 | Lair:6   | Received a gift from Okawaru
 25914 | Lair:6   | Identified the +2 scale mail "Acruam" {Contam rF+++ Will+}
 26661 | Lair:6   | Found a runed translucent door.
 26692 | Lair:6   | Reached skill level 17 in Fighting
 27214 | D:11     | Bought a scroll of acquirement for 728 gold pieces
 27216 | D:11     | Acquired 741 gold pieces
 27223 | D:11     | Acquired a manual of Spellcasting
 27281 | D:11     | Killed zielscheibe's ghost
 27376 | D:12     | Reached skill level 1 in Spellcasting
 27389 | D:12     | Noticed Azrael
 27422 | D:12     | HP: 1/102 [Azrael/damnation (30)]
 27820 | D:12     | Noticed Snorg
 27826 | D:12     | Killed Snorg
 27999 | D:8      | Killed kalagan's ghost
 28000 | D:8      | Reached XP level 15. HP: 100/107 MP: 12/19
 28198 | D:4      | Bought a potion of heal wounds for 65 gold pieces
 28198 | D:4      | Bought a potion of resistance for 130 gold pieces
 29275 | Orc:1    | Entered Level 1 of the Orcish Mines
 29301 | Orc:1    | Noticed an orc warlord
 29321 | Orc:1    | Received a gift from Okawaru
 29475 | Orc:1    | Noticed Fannar
 29708 | D:10     | Killed an orc warlord
 29721 | Orc:1    | Reached skill level 5 in Spellcasting
 29741 | D:10     | Killed Fannar
 29997 | Orc:1    | Found a runed translucent door.
 29998 | Orc:1    | Found a shimmering altar of Xom.
 29998 | Orc:1    | Noticed Ybeff's ghost (journeyman VSMo)
 30126 | Orc:1    | Found an iron altar of Okawaru.
 30252 | Orc:2    | Entered Level 2 of the Orcish Mines
 30693 | Orc:1    | Paralysed by an orc sorcerer for 2 turns
 30754 | Orc:1    | Slain by an orc knight

Illustrated notes

Levels and vault maps discovered:
D:1:      psy_arrival_dodecagon, layout_basic, basic_ecumenical_altar,
          minmay_lizard_pond
D:2:      layout_basic, minmay_joined_circles
D:3:      layout_loops_ring, uniq_crazy_yiuf_cottage
D:4:      minmay_chambers_of_threes, layout_gridville, serial_shops,
          nicolae_square_shop, nicolae_stop_n_shop_1, shop_fountains, shop,
          nicolae_shop_hallway_plus, amcnicky_mini_pool_small, roderic_batcave
D:5:      minmay_evil_eye, layout_cave_pools, cheibrodos_sewer_entry_bend,
          item_on_display_a, uniq_duvessa
D:6:      layout_basic, enter_ossuary_5, minmay_microvault, uniq_menkaure
D:7:      layout_gridville, minmay_temple_entry_trees
D:8:      layout_cave_pods, gammafunk_ghost_hydra_chop, amethyst_killhole
D:9:      layout_loops_ring, erik_lair_dragon, nrook_mini_backslash, uniq_grum
D:10:     layout_roguey, slow_altar_1, orc_0_dummy, serial_ice, serial_ice_o,
          serial_ice_j, serial_ice_m, serial_ice_g, special_room
          [special_room_bee], uniq_harold
D:11:     layout_loops_ring, ebering_ghost_reflecting_pool, serial_shops, shop,
          nicolae_underground_beach
D:12:     layout_gridville, serial_shops, nicolae_shop_window_shopping,
          nicolae_ru_sacrificial_ziggurat, uniq_snorg, uniq_azrael
Temple:   mainiacjoe_temple_circle_huts
Lair:1:   layout_roguey
Lair:2:   layout_loops_ring, swamp_mist_pool, beast_lair_carwin_11, uniq_urug
Lair:3:   layout_chaotic_city, guppyfry_snake_entry_island, lemuel_fruit_tree
Lair:4:   layout_regular_city, nicolae_quartered_pool_little,
          nzn_sisyphean_effort
Lair:5:   layout_concentric_octagons, slime_altar_1, serial_bayou_shore_a
Lair:6:   hangedman_lair_caniforms_friends, layout_hall_layers, wormcave,
          hellmonk_ghost_happy_afterlife, minivault_24
Snake:1:  layout_cave_shapes, serial_shops, shop_fountains
Orc:1:    layout_caves, ebering_ghost_xom, enter_volcano_2,
          okawaru_metal_pillars_1_2, uniq_fannar
Orc:2:    st_orc_town, layout_caves

Skill      XL: |  1  2  3  4  5  6  7  8  9 10 11 12 13 14 15 |
---------------+----------------------------------------------+-----
Fighting       | 4 5 6 7 8 9 10 11 13 15 17 | 17.7
Maces & Flails | 3 7 10 11 12 14 16 | 16.9
Armour         | 7 9 10 | 10.6
Stealth        | 4 |  4.2
Invocations    | 2 6 |  6.0
Evocations     | 2 5 |  5.0
Spellcasting   | 2 5 |  5.8
Shields        | |  3.2

Action                   |  1- 3 |  4- 6 |  7- 9 | 10-12 | 13-15 || total
-------------------------+-------+-------+-------+-------+-------++-------
Melee: Flail             |   150 |    71 |       |       |       ||   221
       Falchion          |       |   128 |   157 |       |       ||   285
       Whip              |       |       |   289 |   569 |       ||   858
       Mace              |       |       |       |   456 |  1297 ||  1753
       Morningstar       |       |       |       |       |   474 ||   474
Invok: Heroism           |       |       |       |     3 |     2 ||     5
       Finesse           |       |       |       |     2 |     8 ||    10
  Use: Scroll            |       |       |    10 |       |     5 ||    15
       Potion            |       |       |     3 |       |       ||     3
Armor: Scale mail        |   105 |   132 |   148 |       |       ||   385
       Steam dragon scal |       |       |    70 |   212 |       ||   282
       Chain mail        |       |       |       |   287 |       ||   287
       Crystal plate arm |       |       |       |    88 |  1665 ||  1753
Dodge: Dodged            |    75 |   106 |   187 |   294 |   436 ||  1098
       Repelled          |       |       |     3 |     5 |     1 ||     9
Block: Buckler           |    37 |    36 |    64 |   135 |   350 ||   622
